 Dungeon Crawl Stone Soup version 0.27-a0-416-gca2cecf3c0 (webtiles) character file.

Game seed: 13896200396460416600

3532 Morbidden the Epochal (level 9, -6/97 HPs)
             Began as a Demonspawn Brigand on Feb 25, 2021.
             Was an Elder of Cheibriados.
             Mangled by a death yak (18 damage)
             ... on level 9 of the Dungeon.
             The game lasted 00:09:23 (10260 turns).

Morbidden the Epochal (Demonspawn Brigand)         Turns: 10260, Time: 00:09:24

Health: -6/97      AC: 12    Str: 21    XL:     9   Next: 82%
Magic:  14/14      EV: 14    Int: 24    God:    Cheibriados [****..]
Gold:   517        SH: 11    Dex: 30    Spells: 8/8 levels left

rFire    . . .     SeeInvis .   a - +2 dagger (venom)
rCold    . . .     Faith    .   r - +0 kite shield
rNeg     . . .     Spirit   .   p - +0 ring mail
rPois    .         Reflect  .   (no helmet)
rElec    .         Harm     .   c - +0 cloak
rCorr    .         Rampage  .   (no gloves)
Will     .....                  l - +1 pair of boots
Stlth    ..........             (no amulet)
HPRegen  0.26/turn              j - +4 ring of slaying
MPRegen  0.14/turn              y - +6 ring of dexterity

@: berserking, very slow
A: talons 1, slimy green scales 2, powered by death 1, spiny 1
a: Renounce Religion, Bend Time, Temporal Distortion, Slouch


You were on level 9 of the Dungeon.
You worshipped Cheibriados.
Cheibriados was greatly pleased with you.
You visited 1 branch of the dungeon, and saw 9 of its levels.

You collected 517 gold pieces.

Inventory:

Hand Weapons
 a - a +2 dagger of venom (weapon)
 b - a +0 hunting sling of freezing
 K - a +4 long sword
Missiles
 d - 49 poisoned darts (quivered)
 e - 2 curare-tipped darts
 x - a throwing net
 B - 96 sling bullets
Armour
 c - a +0 cloak (worn)
 l - a +1 pair of boots (worn)
 p - a +0 ring mail (worn)
 r - a +0 kite shield (worn)
Jewellery
 j - a +4 ring of slaying (left hand)
 y - a +6 ring of dexterity (right hand)
 E - a ring of fire
 J - a ring of ice
Wands
 o - a wand of mindburst (26)
 u - a wand of digging (5)
 w - a wand of flame (33)
 G - a wand of iceblast (10)
 M - a wand of paralysis (9)
Scrolls
 f - 6 scrolls of teleportation
 h - a scroll of fog {unknown}
 k - 9 scrolls of identify
 m - 4 scrolls of magic mapping {unknown}
 t - 2 scrolls of enchant weapon {unknown}
 v - 3 scrolls of amnesia {unknown}
 z - 3 scrolls of fear {unknown}
 A - 2 scrolls of immolation {unknown}
 C - a scroll of enchant armour {unknown}
 I - 2 scrolls of vulnerability {unknown}
Potions
 g - 2 potions of berserk rage
 i - 2 potions of flight {unknown}
 n - 3 potions of magic {unknown}
 q - a potion of lignification {unknown}
 s - 3 potions of brilliance {unknown}
 D - a potion of haste {unknown}
 F - a potion of degeneration {unknown}
 H - a potion of attraction {unknown}
 L - 2 potions of curing {unknown}


   Skills:
 + Level 4.1 Fighting
 + Level 5.4 Short Blades
 + Level 4.0(4.2) Slings
 + Level 1.9(3.2) Throwing
 + Level 4.6 Armour
 * Level 4.8 Dodging
 + Level 6.2 Stealth
 + Level 3.8 Shields
 * Level 6.8 Invocations


You had 8 spell levels left.
You didn't know any spells.
Your spell library was empty.

Dungeon Overview and Level Annotations

Branches:
Dungeon (9/15)             Temple (0/1) D:6            Lair (0/6) D:9
    Orc: D:9-12

Altars:
Ashenzari
Cheibriados
Dithmenos
Fedhas
Hepliaklqana
Ru
Trog
Uskayaw
Yredelemnul
The Shining One

Shops:
D:6 *!?*   D:8 =   D:9 *?

Annotations:
D:7 2 runed translucent doors, Zero's ghost, novice GnSu


Innate Abilities, Weirdness & Mutations

You have sharp toenails.
You are mostly covered in slimy green scales. (AC +3)
You regenerate a little health from kills.
You are partially covered in sharp spines.


Message History

The death yak is severely wounded.
You block the death yak's attack.
You hit the death yak but do no damage.
The death yak looks as sick as possible!
The death yak is severely wounded.
The death yak is struck by your spines. The death yak gores you!!
You hit the death yak but do no damage.
The death yak looks as sick as possible!
The death yak is severely wounded.
The death yak barely misses you.
You hit the death yak but do no damage.
The death yak is severely wounded.
The death yak is struck by your spines.
The death yak gores you but does no damage.
Unknown command.
Unknown command.
You hit the death yak but do no damage.
The death yak is severely wounded.
You block the death yak's attack.
Unknown command.
Unknown command.
Throw: 50 darts (poison)
Press: ? - help, Q - select action, (/) - cycle Shift-Dir - straight line, f/p - death yak
Aim: a death yak (severely wounded, extremely poisoned, 85% to hit)
You throw a poisoned dart. The poisoned dart hits the death yak.
The death yak looks as sick as possible!
The death yak is severely wounded.
The death yak gores you!
* * * LOW HITPOINT WARNING * * *
Throw: 49 darts (poison)
Press: ? - help, Q - select action, (/) - cycle Shift-Dir - straight line, f/p - death yak
Aim: a death yak (severely wounded, extremely poisoned, 85% to hit)
Okay, then.
Unknown command.
Unknown command.
It was a potion of berserk rage.
A red film seems to cover your vision as you go berserk!
Cheibriados protects you from inadvertent hurry.
You feel mighty! The death yak gores you!!
You die...

.8####.#.....†.....?.....
..##...)...............#.
.∩.8.###......##..####...
#<#######.....###.... .
.8......#.....# #####.
.....##.#.....#
####.....†...(## #######
###.##......###.....#
#<####.∩#.Y@.†.._(#
#....##...###.....#
#....####...################
#.....>..###.........#......
#....###.<..................
#....# ##############.......
###### ##...... #...>..
#...>..


You could see a death yak (extremely poisoned).

Vanquished Creatures
  Maurice (D:8)
  4 orc warriors
  A sky beast (D:6)
  An ice beast (D:9)
  5 ogres
  2 centaurs
  A kobold brigand (D:8)
  Blork the orc (D:5)
  A bullfrog (D:6)
  2 scorpions
  9 wights
  2 howler monkeys
  3 jellies
  6 orc priests
  4 hounds
  2 centaur skeletons
  Natasha (thrice) (D:2)
  6 iguanas
  Ijyb (D:3)
  8 orc wizards
  3 worker ants
  2 hound skeletons
  A worker ant zombie (D:6)
  9 adders
  A gnoll (D:4)
  A howler monkey skeleton (D:8)
  5 white imps
  An ooze (D:3)
  An adder zombie (D:8)
  An adder skeleton (D:4)
  2 worms
  5 dart slugs
  8 leopard geckos
  35 orcs
  4 giant cockroaches
  7 goblins
  3 hobgoblins (D:2)
  6 jackals
  6 ball pythons
  5 bats
  2 frilled lizards
  14 kobolds
  A leopard gecko skeleton (D:5)
  A leopard gecko zombie (D:5)
  3 quokka skeletons
  12 rats
202 creatures vanquished.

Vanquished Creatures (others)
  An orc wizard (D:5)
  4 plants (D:5)
5 creatures vanquished.

Grand Total: 207 creatures vanquished

Notes
Turn   | Place    | Note
-------+----------+-------------------------------------------
     0 | D:1      | Morbidden the Demonspawn Brigand began the quest for the
                  | Orb.
     0 | D:1      | Reached XP level 1. HP: 16/16 MP: 1/1
   355 | D:1      | Gained mutation: You regenerate a little health from kills.
                  | [demonic ancestry]
   355 | D:1      | Reached XP level 2. HP: 9/22 MP: 2/2
  1348 | D:2      | Found a glowing golden altar of the Shining One.
  1428 | D:2      | Gained mutation: You are partially covered in slimy green
                  | scales. (AC +2) [demonic ancestry]
  1428 | D:2      | Reached XP level 3. HP: 27/27 MP: 3/3
  1557 | D:2      | Noticed Natasha
  1566 | D:2      | Killed Natasha
  1567 | D:2      | Reached skill level 1 in Dodging
  1571 | D:2      | Reached XP level 4. HP: 28/33 MP: 4/4
  1581 | D:2      | Noticed Natasha
  1587 | D:2      | Killed Natasha
  1588 | D:2      | Reached skill level 5 in Stealth
  2101 | D:2      | Noticed Natasha
  2106 | D:2      | Killed Natasha
  2131 | D:2      | Found a glowing golden altar of the Shining One.
  2534 | D:3      | Reached XP level 5. HP: 39/39 MP: 5/5
  2674 | D:3      | Found a hazy altar of Hepliaklqana.
  3033 | D:3      | Noticed Ijyb
  3041 | D:3      | Killed Ijyb
  3322 | D:4      | Reached skill level 1 in Armour
  3507 | D:4      | Gained mutation: You are mostly covered in slimy green
                  | scales. (AC +3) [demonic ancestry]
  3507 | D:4      | Reached XP level 6. HP: 32/46 MP: 6/6
  3684 | D:4      | Found a snail-covered altar of Cheibriados.
  3685 | D:4      | Found a blossoming altar of Fedhas.
  3685 | D:4      | Found a broken altar of Ashenzari.
  3685 | D:4      | Found a sacrificial altar of Ru.
  3745 | D:4      | Became a worshipper of Cheibriados the Contemplative
  3965 | D:4      | Reached skill level 1 in Invocations
  4511 | D:4      | Gained mutation: You are partially covered in sharp spines.
                  | [demonic ancestry]
  4511 | D:4      | Reached XP level 7. HP: 36/51 MP: 7/7
  4952 | D:5      | Entered Level 5 of the Dungeon
  4960 | D:5      | Reached skill level 1 in Shields
  5500 | D:5      | Reached * piety under Cheibriados
  5640 | D:5      | Reached skill level 1 in Slings
  5640 | D:5      | Reached XP level 8. HP: 22/58 MP: 10/10
  5893 | D:5      | Noticed Blork the orc
  5915 | D:5      | Killed Blork the orc
  6665 | D:6      | Reached ** piety under Cheibriados
  6711 | D:6      | Found Facker Yssu's Magic Scroll Shop.
  6778 | D:6      | Found Hirghubb's Assorted Antiques.
  6796 | D:6      | Found a staircase to the Ecumenical Temple.
  6867 | D:6      | Found Foatiyne's Distillery.
  6934 | D:6      | Found Ilufecoi's Assorted Antiques.
  7230 | D:6      | Found a hide-covered altar of Uskayaw.
  7432 | D:6      | Found a basalt altar of Yredelemnul.
  7432 | D:6      | Found a shadowy altar of Dithmenos.
  7553 | D:7      | Reached skill level 5 in Invocations
  7584 | D:7      | Gained mutation: You have sharp toenails. [demonic
                  | ancestry]
  7584 | D:7      | Reached XP level 9. HP: 65/65 MP: 12/12
  7702 | D:7      | Reached *** piety under Cheibriados
  7738 | D:7      | Found a large runed translucent door.
  7739 | D:7      | Found a large runed translucent door.
  7741 | D:7      | Noticed Zero's ghost (novice GnSu)
  8763 | D:8      | Noticed Maurice
  8772 | D:8      | Killed Maurice
  8773 | D:8      | Reached skill level 5 in Short Blades
  8805 | D:8      | Found Japhif's Jewellery Shoppe.
  8851 | D:8      | Reached **** piety under Cheibriados
 10101 | D:9      | Found Kyang's General Store.
 10118 | D:9      | Found Vuyzxar's Magic Scroll Emporium.
 10138 | D:9      | Noticed a death yak
 10139 | D:9      | Found a staircase to the Lair.
 10153 | D:9      | Found a bloodstained altar of Trog.
 10171 | D:9      | Noticed a death yak
 10172 | D:9      | Noticed a death yak
 10260 | D:9      | Mangled by a death yak

Illustrated notes

Levels and vault maps discovered:
D:1:      dpeg_arrival_rhombi, layout_basic, grunt_decor_fettered
D:2:      layout_basic, old_standard_altar, uniq_natasha
D:3:      layout_basic, nzn_hepliaklqana_mist_gate, uniq_ijyb
D:4:      minmay_evil_eye, layout_layer_cave,
          chequers_temple_overflow_statue_of_worship, minmay_pentomino_pile
D:5:      layout_loops_ring, roderic_lattice_a, serial_bayou_pond_b,
          kennysheep_cluttered_room, kennysheep_potato, uniq_blork_the_orc
D:6:      layout_rooms, lemuel_coloured_pillars_altar,
          gammafunk_temple_overflow_statue, minmay_temple_entry_grid,
          serial_shops, shop, shop, shop, nicolae_shop_waterfront
D:7:      layout_basic, ebering_ghost_disaster_area, grunt_ministairs_5
D:8:      layout_basic, serial_shops, shop, uniq_maurice
D:9:      layout_rooms, dpeg_lair_monsters, orc_david_3, serial_shops,
          nicolae_shop_statue_plus, shop_statue, shop, trog_book

Skill      XL: |  1  2  3  4  5  6  7  8  9 |
---------------+----------------------------+-----
Stealth        | 4 5 6 |  6.2
Short Blades   | 2 3 4 5 |  5.4
Dodging        | 1 2 3 4 |  4.8
Armour         | 1 2 3 4 |  4.6
Invocations    | 1 3 5 6 |  6.8
Shields        | 1 2 3 |  3.8
Fighting       | 3 4 |  4.1
Slings         | 1 3 4 |  4.0
Throwing       | |  1.9

Action                   |  1- 3 |  4- 6 |  7- 9 || total
-------------------------+-------+-------+-------++-------
Melee: Dagger            |    52 |   144 |   288 ||   484
 Fire: Hunting sling     |       |       |    88 ||    88
Throw: Dart              |       |       |     8 ||     8
  Use: Potion            |     1 |       |     1 ||     2
       Scroll            |       |       |     2 ||     2
 Stab: Sleeping          |     6 |     5 |     6 ||    17
       Distracted        |       |       |     3 ||     3
Armor: Robe              |     9 |     1 |       ||    10
       Ring mail         |       |    50 |    92 ||   142
Dodge: Dodged            |    30 |    41 |   114 ||   185
Block: Kite shield       |       |    38 |   143 ||   181

Table legend: (Time is in decaauts)
 A = Elapsed time spent in this place.
 B = Non-inter-level travel time spent in this place.
 C = Inter-level travel time spent in this place.
 D = Time resting spent in this place.
 E = Time spent auto-exploring this place.
 F = Levels seen in this place.
 G = Mean time per level.
                   A        B        C        D        E       F      G
               +--------+--------+--------+--------+--------+-----+--------+
         Total |  12434 |  11864 |    570 |    471 |   9772 |   9 | 1381.6 |
       Dungeon |  12434 |  11864 |    570 |    471 |   9772 |   9 | 1381.6 |
               +--------+--------+--------+--------+--------+-----+--------+

Top non-repeatable levels by time:
     D:8: 2404 daAuts
     D:4: 2183 daAuts
     D:5: 1547 daAuts
     D:6: 1396 daAuts
     D:1: 1338 daAuts
     D:2: 1172 daAuts
     D:7: 1082 daAuts
     D:3: 892 daAuts
     D:9: 416 daAuts
